 Dungeon Crawl Stone Soup version 0.29-a0-982-gaed3a0c8d8 (webtiles) character file.

Game seed: 11683177256843911180

3 MisterAzrael the Stinger (level 1, 10/10 HPs)
             Began as a Deep Elf Venom Mage on Aug 2, 2022.
             Was a Follower of Okawaru.
             Quit the game on level 1 of the Dungeon.
             The game lasted 00:00:26 (146 turns).

MisterAzrael the Stinger (Deep Elf Venom Mage)       Turns: 146, Time: 00:00:27

Health: 10/10      AC:  2    Str:  5    XL:     1   Next: 41%
Magic:  1/6        EV: 12    Int: 19    God:    Okawaru [*.....]
Gold:   0          SH:  0    Dex: 15    Spells: 5/6 levels left

rFire   . . .      SeeInvis .   (no weapon)
rCold   . . .      Faith    .   (no shield)
rNeg    . . .      Spirit   .   a - +0 robe
rPois   .          Reflect  .   (no helmet)
rElec   .          Harm     .   (no cloak)
rCorr   .          Rampage  .   (no gloves)
Will    .....                   (no boots)
Stlth   ++........              (no amulet)
HPRegen 0.03/turn               (no ring)
MPRegen 0.10/turn               (no ring)

@: no status effects
A: no striking features
a: Renounce Religion, Heroism


You were on level 1 of the Dungeon.
You worshipped Okawaru.
Okawaru was aware of your devotion.
You visited 1 branch of the dungeon, and saw 1 of its levels.

Inventory:

Armour
 a - a +0 robe (worn)
Potions
 b - a potion of magic


   Skills:
 - Level 2.4 Dodging
 - Level 2.4 Stealth
 + Level 3.1 Spellcasting
 - Level 1.2 Transmutations
 + Level 3.4 Poison Magic


You had 5 spell levels left.
You knew the following spells:

 Your Spells              Type           Power      Damage    Failure   Level
a - Sting                 Tmut/Pois      44%        1d5       6%          1

Your spell library contained the following spells:

 Spells                   Type           Power      Damage    Failure   Level
 Poisonous Vapours        Pois/Air       18%        N/A       12%         2
 Mephitic Cloud           Conj/Pois/Air  7%         N/A       28%         3
 Olgreb's Toxic Radiance  Pois           15%        N/A       36%         4


Dungeon Overview and Level Annotations

Branches:
Dungeon (1/15)

Altars:
Okawaru


Message History

Magic restored.
HP restored.
You see here a +0 club.
You see here a +0 club.
You see here a +0 club.
You open the door.
There is an open door here.
You open the door.
There is an open door here.
A ball python comes into view.
Found 5 gold pieces.
A ball python is nearby!
The ball python hisses angrily.
An endoplasm comes into view.
The sting misses the ball python.
The ball python completely misses you. The ball python grabs you.
The ball python constricts you.
The sting hits the ball python.
The ball python is poisoned.
You kill the ball python!
An endoplasm is nearby!
Found a faded altar of an unknown god.
You can't see any susceptible monsters within range! (Use Z to cast anyway.)
The sting hits the endoplasm.
The endoplasm partially resists.
The endoplasm is poisoned.
The endoplasm is moderately wounded.
The sting hits the endoplasm.
The endoplasm partially resists.
The endoplasm looks even sicker.
The endoplasm is severely wounded.
You miscast Sting.
You are very lightly contaminated with residual magic.
Nothing appears to happen.
The endoplasm barely misses you.
The sting hits the endoplasm.
The endoplasm looks even sicker.
The endoplasm is severely wounded.
You kill the endoplasm!
Your magical contamination has completely faded away.
There is a faded altar of an unknown god here.
You cannot tell which god this altar belongs to.
Convert to them anyway?
Okawaru accepts your prayer! Okawaru welcomes you!
You can now gain great but temporary skills.
Are you sure you want to abandon this character and quit the game? (Confirm with "yes".)

#...)..# #.##.#.#
#.##.#.# #.##.#.###
### #......... ..#
#..#.#.### #.#
#......# #.#
##......# #.#
........# #@#
#####.### #.# #.#
###.### #.# #.....#
##'## #.#.#.# ##...##
#.#.#.# ##.....##
#.#.#$# #.......##
#.....#
#.........####.....##


There were no monsters in sight!

Vanquished Creatures
  An endoplasm (D:1)
  A ball python (D:1)
  2 goblins (D:1)
4 creatures vanquished.

Notes
Turn   | Place    | Note
-------+----------+-------------------------------------------
     0 | D:1      | MisterAzrael the Deep Elf Venom Mage began the quest for
                  | the Orb.
     0 | D:1      | Reached XP level 1. HP: 10/10 MP: 6/6
   133 | D:1      | Found a faded altar of an unknown god.
   145 | D:1      | Prayed at the altar of an unknown god.
   145 | D:1      | Became a worshipper of Warmaster Okawaru
   145 | D:1      | Reached * piety under Okawaru
   146 | D:1      | Quit the game

Illustrated notes

Levels and vault maps discovered:
D:1:      lightli_arrival_boilingwater, layout_loops_corners,
          basic_ecumenical_altar, minmay_misc_feat_rows, kennysheep_small_spiral

Action                   || total
-------------------------++-------
 Cast: Sting             ||     8
Dodge: Dodged            ||     2

Table legend: (Time is in decaauts)
 A = Elapsed time spent in this place.
 B = Non-inter-level travel time spent in this place.
 C = Inter-level travel time spent in this place.
 D = Time resting spent in this place.
 E = Time spent auto-exploring this place.
 F = Levels seen in this place.
 G = Mean time per level.
                   A        B        C        D        E       F      G
               +--------+--------+--------+--------+--------+-----+--------+
         Total |    147 |    147 |      0 |      0 |    119 |   1 |  147.0 |
       Dungeon |    147 |    147 |      0 |      0 |    119 |   1 |  147.0 |
               +--------+--------+--------+--------+--------+-----+--------+

Top non-repeatable levels by time:
     D:1: 147 daAuts
